 Dungeon Crawl Stone Soup version 0.21-a0-442-g848f44b (webtiles) character file.

65 kae the Insei (level 3, 0/29 HPs)
             Began as a Draconian Transmuter on Nov 12, 2017.
             Slain by an adder (1 damage)
             ... on level 2 of the Dungeon.
             The game lasted 00:01:35 (1963 turns).

kae the Insei (Draconian Transmuter)                Turns: 1963, Time: 00:01:35

Health: 0/29       AC:  5    Str: 12    XL:     3   Next: 92%
Magic:  2/6        EV: 12    Int: 13    God:
Gold:   66         SH:  0    Dex: 12    Spells: 0/6 levels left

rFire    . . .     SeeInvis .     - Unarmed
rCold    . . .     Gourm    .   (no shield)
rNeg     . . .     Faith    .   (armour unavailable)
rPois    .         Spirit   .   (helmet restricted)
rElec    .         Reflect  .   (no cloak)
rCorr    .         Harm     .   (no gloves)
MR       .....                  (boots currently unavailable)
Stlth    +.........             (no amulet)
HPRegen  0.09/turn              (no ring)
MPRegen  0.10/turn              (no ring)

@: lethally poisoned (0 -> -7), appendage
A: unfitting armour, talons 3, cold-blooded, AC +5
a: End Transformation


You were on level 2 of the Dungeon.
You were hungry.
You had grown temporary talons.
You visited 1 branch of the dungeon, and saw 2 of its levels.

You collected 66 gold pieces.

Inventory:

Missiles
 a - 56 arrows
Jewellery
 f - a +4 ring of strength {unknown}
 g - an uncursed ring of protection from fire {unknown}
 h - an uncursed ring of protection from fire {unknown}
Scrolls
 e - a scroll of remove curse
Potions
 d - a potion of heal wounds {unknown}
 j - a potion of might {unknown}
Books
 b - a book of Changes

   Spells                             Type                      Level
   a - Beastly Appendage              Transmutation                1
   b - Sticks to Snakes               Transmutation                2
   c - Spider Form                    Transmutation/Poison         3
   d - Ice Form                       Ice/Transmutation            4
   e - Blade Hands                    Transmutation                5
Comestibles
 c - a bread ration


   Skills:
 + Level 2.0 Fighting
 - Level 1.7 Dodging
 * Level 3.7 Unarmed Combat
 + Level 2.4 Spellcasting
 * Level 2.9 Transmutations


You couldn't memorise any spells.
You knew the following spells:

 Your Spells              Type           Power        Failure   Level  Hunger
a - Beastly Appendage     Tmut           #.....       8%          1    #......
b - Sticks to Snakes      Tmut           #.......     11%         2    ###....
c - Spider Form           Tmut/Pois      #.........   38%         3    ###....


Dungeon Overview and Level Annotations

Branches:
Dungeon (2/15)

Altars:


Innate Abilities, Weirdness & Mutations

Your plain brown scales are hard. (AC +5)
You cannot fit into any form of body armour.
You are cold-blooded and may be slowed by cold attacks.
You have claws for feet.


Message History

Casting: Beastly Appendage
Confirm with . or Enter, or press ? or * to list all spells.
You create a snake!
You now have 56 arrows.
You feel sick. The adder barely misses you. The adder closely misses you.
The adder bites you.
* * * LOW HITPOINT WARNING * * *
Your ball python bites the worm.
Your ball python grabs the worm.
Your ball python constricts the worm.
You barely miss the adder. You claw the adder. You tail-slap the adder.
The adder is lightly wounded.
* * * LOW HITPOINT WARNING * * *
You feel sick. The adder misses you. The worm bites you.
* * * LOW HITPOINT WARNING * * *
Your ball python bites the worm but does no damage.
Your ball python constricts the worm.
You closely miss the adder. Your kick misses the adder.
The adder is lightly wounded.
* * * LOW HITPOINT WARNING * * *
You feel sick. The adder bites you.
You die...

............ ..........#.#.#.#
...>........ ........#...#...#
#######################.#########
# .....^................. #
#........######### # #.######## #
####.### # # ####......# #.#
.......@..# #.#### ####..wS..#
..)..# #.S....# .....#
............# .....#
############# ....... .....##
.....# .....#


You could see a worm, an adder and a friendly ball python.

Vanquished Creatures
  2 adders (D:2)
  An ooze (D:2)
  A worm (D:2)
  A dart slug (D:2)
  A leopard gecko (D:2)
  3 giant cockroaches
  2 goblins (D:1)
  5 hobgoblins
  9 jackals (D:2)
  4 kobolds (D:1)
  A frilled lizard (D:2)
  4 rats
34 creatures vanquished.

Notes
Turn   | Place    | Note
-------+----------+-------------------------------------------
     0 | D:1      | kae the Draconian Transmuter began the quest for the Orb.
     0 | D:1      | Reached XP level 1. HP: 16/16 MP: 3/3
   331 | D:1      | Reached XP level 2. HP: 9/23 MP: 5/5
   530 | D:1      | Learned a level 2 spell: Sticks to Snakes
  1225 | D:2      | Reached XP level 3. HP: 24/29 MP: 6/6
  1902 | D:2      | Learned a level 3 spell: Spider Form
  1963 | D:2      | HP: 1/29 [poisoned by an adder]
  1963 | D:2      | Slain by an adder

Vault maps used:
D:1:      minmay_arrival_stone_box

Skill      XL: |  1  2  3 |
---------------+----------+-----
Fighting       | 2 |  2.0
Dodging        | |  1.7
Unarmed Combat | |  3.7
Spellcasting   | |  2.4
Transmutations | |  2.9

Action                   || total
-------------------------++-------
Melee: Unarmed           ||   146
       Tailslap          ||    11
       Headbutt          ||     2
       Kick              ||     2
 Cast: Beastly Appendage ||     9
       Sticks to Snakes  ||     3
  Use: Scroll            ||     2
 Stab: Sleeping          ||     1
  Eat: Chunk             ||     3
Armor: Skin              ||    37
Dodge: Dodged            ||    94

Table legend:
 A = Spawn XP
 B = Non-spawn XP
 C = Spawn XP percentage of total XP
 D = Spawn monster count
 E = Non-spawn monster count
 F = Spawn count percentage of total count
 G = Total turns spent on level
                    A         B        C        D         E        F      G
               +---------+---------+-------+---------+---------+-------+---------
         Total |       0 |      93 |   0.0 |       0 |      34 |   0.0 |  1963
               +---------+---------+-------+---------+---------+-------+---------
           D:1 |       0 |      25 |   0.0 |       0 |      15 |   0.0 |  1144
           D:2 |       0 |      68 |   0.0 |       0 |      19 |   0.0 |   819
               +---------+---------+-------+---------+---------+-------+---------
